3AA
BILLINGS POLAR BEARS @ SALEM MISFITS
08/28/2024
 
TOP OF THE 1ST
Billings Polar Bears batting - Pitching for Salem Misfits : RHP Kenny Koehler
Pitching: RHP Kenny Koehler
Batting: SHB Carlos Schultz 0-0: Ground out U3 (Groundball, 3)
Batting: RHB Jesús Vásquez 0-0: Ball
1-0: Ball
2-0: Called Strike
2-1: Called Strike
2-2: Foul Ball, location: 2F
2-2: Ground out 4-3 (Groundball, 4)
Batting: LHB Júlio Castro 0-0: Fly out, F9 (Flyball, 89S)
Top of the 1st over - 0 run(s), 0 hit(s), 0 error(s), 0 left on base; Billings 0 - Salem 0
BOTTOM OF THE 1ST
Salem Misfits batting - Pitching for Billings Polar Bears : RHP Preston Vick
Pitching: RHP Preston Vick
Batting: RHB Jesús Cisneros 0-0: Ball
1-0: Ball
2-0: Ball
3-0: Base on Balls
Batting: RHB Raúl Reyna 0-0: Ball
1-0: SINGLE (Groundball, 25) (infield hit)
Jesús Cisneros to second
Batting: SHB Fernando Sánchez 0-0: Fly out, F8 (Line Drive, 8RD)
Runner from 2nd tags up, SAFE at 3rd, no throw
Batting: LHB José Corona 0-0: Ball
1-0: Ball
2-0: Ball
3-0: Called Strike
3-1: Base on Balls
Raúl Reyna to second
Batting: RHB Jim Unknown 0-0: Ball
1-0: Ball
2-0: Ground out 6-3 (Groundball, 6S)
Jesús Cisneros scores
Raúl Reyna to third
José Corona to second
Batting: LHB Brent van Schoonhoven 0-0: Ball
1-0: Ball
2-0: Swinging Strike
2-1: Ball
3-1: Fly out, F9 (Flyball, 9M)
Bottom of the 1st over - 1 run(s), 1 hit(s), 0 error(s), 2 left on base; Billings 0 - Salem 1
TOP OF THE 2ND
Billings Polar Bears batting - Pitching for Salem Misfits : RHP Kenny Koehler
Batting: RHB Lúcio Marín 0-0: Called Strike
0-1: Called Strike
0-2: Strikes out swinging
Batting: LHB Magali Lenidas 0-0: Foul Ball, location: 2F
0-1: Ball
1-1: Ball
2-1: Ball
3-1: DOUBLE (Line Drive, 34)
Batting: LHB Rubén Ruíz 0-0: Ball
1-0: Ball
2-0: Called Strike
2-1: Ball
3-1: Called Strike
3-2: Base on Balls
Batting: RHB Félix Aguilar 0-0: Called Strike
0-1: Foul Ball, location: 2F
0-2: SINGLE (Groundball, 6MD)
Magali Lenidas to third
Rubén Ruíz to second
Batting: LHB Felipe Trujillo 0-0: Called Strike
0-1: Called Strike
0-2: Strikes out swinging
Batting: SHB Bernard Gauthier 0-0: Ball
1-0: Ball
2-0: Swinging Strike
2-1: Called Strike
2-2: Ball
3-2: Strikes out looking
Top of the 2nd over - 0 run(s), 2 hit(s), 0 error(s), 3 left on base; Billings 0 - Salem 1
BOTTOM OF THE 2ND
Salem Misfits batting - Pitching for Billings Polar Bears : RHP Preston Vick
Batting: RHB Ernesto Souza 0-0: Foul Ball, location: 2F
0-1: Ground out 1-3 (Groundball, 13)
Batting: RHB Ramón Ávila 0-0: Called Strike
0-1: Called Strike
0-2: Ball
1-2: Strikes out swinging
Batting: RHB Miguel Torres 0-0: Ball
1-0: Foul Ball, location: 2F
1-1: Ground out 6-3 (Groundball, 6)
Bottom of the 2nd over - 0 run(s), 0 hit(s), 0 error(s), 0 left on base; Billings 0 - Salem 1
TOP OF THE 3RD
Billings Polar Bears batting - Pitching for Salem Misfits : RHP Kenny Koehler
Batting: SHB Carlos Schultz 0-0: Bunt for hit - play at first, batter OUT! 1-3
Batting: RHB Jesús Vásquez 0-0: Ball
1-0: Swinging Strike
1-1: Ball
2-1: SINGLE (Flyball, 9LM)
Batting: LHB Júlio Castro 0-0: SINGLE (Groundball, 34D)
Jesús Vásquez to second
Runner from 2nd tries for 3rd, SAFE, throw made to third
Batting: RHB Lúcio Marín 0-0: Called Strike
0-1: Ball
1-1: Called Strike
1-2: Foul Ball, location: 2F
1-2: Ball
2-2: Ball
3-2: Ground out 5-3 (Groundball, 56)
Jesús Vásquez scores
Júlio Castro to second
Batting: LHB Magali Lenidas 0-0: Ball
1-0: Ground out 4-3 (Groundball, 13)
Top of the 3rd over - 1 run(s), 2 hit(s), 0 error(s), 1 left on base; Billings 1 - Salem 1
BOTTOM OF THE 3RD
Salem Misfits batting - Pitching for Billings Polar Bears : RHP Preston Vick
Batting: RHB Jesús Cisneros 0-0: Ball
1-0: SINGLE (Line Drive, 8LS)
Batting: RHB Raúl Reyna 0-0: Ball
1-0: Called Strike
1-1: Ball
2-1: SINGLE (Groundball, 6MD)
Jesús Cisneros to second
Batting: SHB Fernando Sánchez 0-0: Called Strike
0-1: Grounds into double play, 4-6-3 (Groundball, 4M)
Jesús Cisneros to third
Batting: LHB José Corona 0-0: Ball
1-0: Foul Ball, location: 2F
1-1: Ball
2-1: Ground out U3 (Groundball, 3L)
Bottom of the 3rd over - 0 run(s), 2 hit(s), 0 error(s), 1 left on base; Billings 1 - Salem 1
TOP OF THE 4TH
Billings Polar Bears batting - Pitching for Salem Misfits : RHP Kenny Koehler
Batting: LHB Rubén Ruíz 0-0: Ball
1-0: Foul Ball, location: 2F
1-1: Ball
2-1: Ball
3-1: Foul Ball, location: 2F
3-2: Base on Balls
Batting: RHB Félix Aguilar 0-0: Ball
1-0: Ball
2-0: Called Strike
2-1: Ball
3-1: Foul Ball, location: 2F
3-2: Fielders Choice at 2nd, 6-4 (Groundball, 6)
Batting: LHB Felipe Trujillo 0-0: Ball
1-0: Ball
2-0: Called Strike
2-1: Ball
3-1: Base on Balls
Félix Aguilar to second
Batting: SHB Bernard Gauthier 0-0: Swinging Strike
0-1: Ball
1-1: Swinging Strike
1-2: Ball
2-2: Foul Ball, location: 2F
2-2: Fly out, F9 (Flyball, 89M)
Batting: SHB Carlos Schultz 0-0: Ball
1-0: Swinging Strike
1-1: Ball
2-1: Ground out 4-3 (Groundball, 4)
Top of the 4th over - 0 run(s), 0 hit(s), 0 error(s), 2 left on base; Billings 1 - Salem 1
BOTTOM OF THE 4TH
Salem Misfits batting - Pitching for Billings Polar Bears : RHP Preston Vick
Batting: RHB Jim Unknown 0-0: Foul Ball, location: 2F
0-1: Foul Ball, location: 2F
0-2: Ground out 6-3 (Groundball, 6MS)
Batting: LHB Brent van Schoonhoven 0-0: Ball
1-0: Ball
2-0: Ball
3-0: Called Strike
3-1: Ground out 4-3 (Groundball, 4)
Batting: RHB Ernesto Souza 0-0: Ground out 3-1 (Groundball, 3)
Bottom of the 4th over - 0 run(s), 0 hit(s), 0 error(s), 0 left on base; Billings 1 - Salem 1
TOP OF THE 5TH
Billings Polar Bears batting - Pitching for Salem Misfits : RHP Kenny Koehler
Batting: RHB Jesús Vásquez 0-0: Foul Ball, location: 2F
0-1: Ball
1-1: Ball
2-1: Called Strike
2-2: Ball
3-2: Strikes out swinging
Batting: LHB Júlio Castro 0-0: Ball
1-0: Called Strike
1-1: Ball
2-1: Ground out 4-3 (Groundball, 13)
Batting: RHB Lúcio Marín 0-0: Ball
1-0: Called Strike
1-1: Ball
2-1: SINGLE (Line Drive, 6M)
Batting: LHB Magali Lenidas 0-0: DOUBLE (Line Drive, 5D)
Lúcio Marín to third
Runner from 3rd tries for Home, SAFE, no throw or cutoff
Batting: LHB Rubén Ruíz 0-0: DOUBLE (Flyball, 8RXD)
Magali Lenidas scores
Batting: RHB Félix Aguilar 0-0: Ball
1-0: Ball
Wild Pitch!
Rubén Ruíz to third
2-0: Called Strike
2-1: Ball
3-1: Base on Balls
Pitching: RHP José Vargo
Batting: LHB Felipe Trujillo 0-0: Ball
Félix Aguilar steals 2nd base
1-0: Fly out, F7 (Flyball, 78S)
Top of the 5th over - 2 run(s), 3 hit(s), 0 error(s), 2 left on base; Billings 3 - Salem 1
BOTTOM OF THE 5TH
Salem Misfits batting - Pitching for Billings Polar Bears : RHP Preston Vick
Batting: RHB Ramón Ávila 0-0: Ball
1-0: SINGLE (Line Drive, 34D)
Batting: RHB Miguel Torres 0-0: Ball
1-0: Called Strike
1-1: Swinging Strike
1-2: Ball
2-2: Strikes out looking
Batting: RHB Jesús Cisneros 0-0: Foul Ball, location: 2F
0-1: Called Strike
0-2: Foul Ball, location: 2F
0-2: Ball
1-2: SINGLE (Line Drive, 34)
Ramón Ávila to second
Runner from 2nd tries for 3rd, SAFE, throw made to third
Batting: RHB Raúl Reyna 0-0: Ball
1-0: Ball
2-0: Called Strike
2-1: Foul Ball, location: 2F
2-2: SINGLE (Groundball, 56D)
Ramón Ávila scores
Jesús Cisneros to second
Batting: SHB Fernando Sánchez 0-0: Called Strike
0-1: Called Strike
0-2: SINGLE (Line Drive, 34)
Jesús Cisneros to third
Raúl Reyna to second
Runner from 3rd tries for Home, SAFE, throw made at trailing runner, SAFE at third!
Pitching: RHP Orlando Ángel
Batting: LHB José Corona 0-0: Ball
1-0: Ball
2-0: Swinging Strike
2-1: Swinging Strike
2-2: Strikes out looking
Batting: RHB Jim Unknown 0-0: Ball
1-0: Ball
2-0: Foul Ball, location: 2F
2-1: SINGLE (Line Drive, 3L)
Raúl Reyna scores
Fernando Sánchez to second
Batting: LHB Brent van Schoonhoven 0-0: Called Strike
0-1: SINGLE (Groundball, 5D)
Fernando Sánchez to third
Jim Unknown to second
Runner from 3rd tries for Home, SAFE, no throw or cutoff
Batting: RHB Ernesto Souza 0-0: Ball
1-0: Ball
2-0: Ball
3-0: Foul Ball, location: 2F
3-1: Base on Balls
Jim Unknown to third
Brent van Schoonhoven to second
Batting: RHB Ramón Ávila 0-0: DOUBLE (Flyball, 9D)
Jim Unknown scores
Brent van Schoonhoven scores
Ernesto Souza to third
Batting: RHB Miguel Torres 0-0: Ball
1-0: Foul Ball, location: 2F
1-1: Ball
2-1: Ball
3-1: Foul Ball, location: 2F
3-2: Ground out U3 (Groundball, 3L)
Bottom of the 5th over - 6 run(s), 7 hit(s), 0 error(s), 2 left on base; Billings 3 - Salem 7
TOP OF THE 6TH
Billings Polar Bears batting - Pitching for Salem Misfits : RHP José Vargo
Batting: SHB Bernard Gauthier 0-0: Called Strike
0-1: Ball
1-1: Ball
2-1: Foul Ball, location: 2F
2-2: Foul Ball, location: 2F
2-2: SOLO HOME RUN (Flyball, 9D), Distance : 392 ft
Batting: SHB Carlos Schultz 0-0: Called Strike
0-1: Ball
1-1: Foul Ball, location: 2F
1-2: Strikes out looking
Batting: RHB Jesús Vásquez 0-0: Fly out, F8 (Flyball, 8RXD)
Batting: LHB Júlio Castro 0-0: Fly out, F7 (Flyball, 7D)
Top of the 6th over - 1 run(s), 1 hit(s), 0 error(s), 0 left on base; Billings 4 - Salem 7
BOTTOM OF THE 6TH
Salem Misfits batting - Pitching for Billings Polar Bears : RHP Orlando Ángel
Batting: RHB Jesús Cisneros 0-0: Called Strike
0-1: Ball
1-1: Reached on error, E6 (Groundball, 6M)
Batting: RHB Raúl Reyna 0-0: Ball
1-0: Sac Bunt - play at first, batter OUT! 1-3
Jesús Cisneros to second
Batting: SHB Fernando Sánchez 0-0: Ball
1-0: Ball
2-0: Ball
3-0: Base on Balls
Batting: LHB José Corona 0-0: Ball
1-0: DOUBLE (Line Drive, 9LS)
Jesús Cisneros scores
Fernando Sánchez to third
Pitching: RHP Luis Villabos
Batting: RHB Jim Unknown 0-0: Called Strike
0-1: Called Strike
0-2: Strikes out looking
Batting: LHB Brent van Schoonhoven 0-0: Ball
1-0: Ball
2-0: Called Strike
2-1: Fly out, F4 (Popup, 4M)
Bottom of the 6th over - 1 run(s), 1 hit(s), 1 error(s), 2 left on base; Billings 4 - Salem 8
TOP OF THE 7TH
Billings Polar Bears batting - Pitching for Salem Misfits : RHP José Vargo
Batting: RHB Lúcio Marín 0-0: Ball
1-0: Fly out, F8 (Flyball, 8LM)
Batting: LHB Magali Lenidas 0-0: Foul Ball, location: 2F
0-1: Ball
1-1: Foul Ball, location: 2F
1-2: DOUBLE (Line Drive, 7LS)
Batting: LHB Rubén Ruíz 0-0: Ball
1-0: Ball
2-0: Foul Ball, location: 2F
2-1: SINGLE (Groundball, 34D)
Magali Lenidas to third
Runner from 3rd tries for Home, SAFE, no throw or cutoff
Batting: RHB Félix Aguilar 0-0: Called Strike
0-1: Ball
Wild Pitch!
Rubén Ruíz to second
1-1: Ball
2-1: SINGLE (Groundball, 56D)
Rubén Ruíz to third
Runner from 3rd tries for Home, SAFE, throw made home
Félix Aguilar to second
Pitching: LHP Dorian Daly
Batting: LHB Felipe Trujillo 0-0: Ball
1-0: Called Strike
1-1: Ball
2-1: Called Strike
2-2: Strikes out looking
Batting: SHB Bernard Gauthier 0-0: Ball
1-0: Foul Ball, location: 2F
1-1: Fly out, F8 (Line Drive, 8LXD)
Top of the 7th over - 2 run(s), 3 hit(s), 0 error(s), 1 left on base; Billings 6 - Salem 8
BOTTOM OF THE 7TH
Salem Misfits batting - Pitching for Billings Polar Bears : RHP Luis Villabos
Batting: RHB Ernesto Souza 0-0: Fly out, F7 (Flyball, 78S)
Batting: RHB Ramón Ávila 0-0: Ball
1-0: Swinging Strike
1-1: Foul Ball, location: 2F
1-2: DOUBLE (Groundball, 5L)
Batting: RHB Miguel Torres 0-0: Swinging Strike
0-1: Ball
1-1: Foul Ball, location: 2F
1-2: Strikes out swinging
Batting: RHB Jesús Cisneros 0-0: Ball
1-0: Fly out, F2 (Popup, 2RF)
Bottom of the 7th over - 0 run(s), 1 hit(s), 0 error(s), 1 left on base; Billings 6 - Salem 8
TOP OF THE 8TH
Billings Polar Bears batting - Pitching for Salem Misfits : LHP Dorian Daly
Batting: SHB Carlos Schultz 0-0: Called Strike
0-1: Ball
1-1: Ball
2-1: Ball
3-1: Base on Balls
Batting: RHB Jesús Vásquez 0-0: Foul Ball, location: 2F
0-1: Ball
1-1: Ball
2-1: Ball
3-1: Fly out, F7 (Flyball, 78S)
Batting: LHB Júlio Castro 0-0: Called Strike
0-1: Ball
1-1: Ball
2-1: Ball
3-1: Foul Ball, location: 2F
3-2: Foul Ball, location: 2F
3-2: Fly out, F8 (Flyball, 8LXD)
Runner from 1st tags up, SAFE at 2nd
Batting: RHB Lúcio Marín 0-0: Ball
1-0: Ball
2-0: Ball
3-0: Base on Balls
Batting: LHB Magali Lenidas 0-0: Ball
1-0: Foul Ball, location: 2F
1-1: Ball
2-1: Ball
3-1: Foul Ball, location: 2F
3-2: Base on Balls
Carlos Schultz to third
Lúcio Marín to second
Batting: LHB Rubén Ruíz 0-0: Called Strike
0-1: Ball
1-1: Foul Ball, location: 2F
1-2: Ball
2-2: Ball
3-2: Strikes out swinging
Top of the 8th over - 0 run(s), 0 hit(s), 0 error(s), 3 left on base; Billings 6 - Salem 8
BOTTOM OF THE 8TH
Salem Misfits batting - Pitching for Billings Polar Bears : RHP Luis Villabos
Batting: RHB Raúl Reyna 0-0: Ball
1-0: Swinging Strike
1-1: Ball
2-1: Foul Ball, location: 2F
2-2: Foul Ball, location: 2F
2-2: Strikes out swinging
Batting: SHB Fernando Sánchez 0-0: Called Strike
0-1: Ball
1-1: Fly out, F8 (Flyball, 8RXD)
Batting: LHB José Corona 0-0: Called Strike
0-1: Fly out, F9 (Popup, 4D)
Bottom of the 8th over - 0 run(s), 0 hit(s), 0 error(s), 0 left on base; Billings 6 - Salem 8
TOP OF THE 9TH
Billings Polar Bears batting - Pitching for Salem Misfits : LHP Dorian Daly
Pitching: RHP Rob Rocha
Batting: RHB Félix Aguilar 0-0: Ball
1-0: Swinging Strike
1-1: Foul Ball, location: 2F
1-2: Strikes out swinging
Batting: LHB Felipe Trujillo 0-0: Ball
1-0: Ball
2-0: Ball
3-0: Base on Balls
Pinch Hitting: LHB Armando Becerra 0-0: Fielders Choice at 2nd, 4-6 (Groundball, 34)
Batting: SHB Carlos Schultz 0-0: Called Strike
0-1: Called Strike
0-2: Strikes out looking
Top of the 9th over - 0 run(s), 0 hit(s), 0 error(s), 1 left on base; Billings 6 - Salem 8
This league is powered by Out of the Park Baseball, the baseball management simulation game for PC, Mac and Linux
Monday, October 3rd, 2016 - OOTP Baseball 16.9 Build 39